 Dungeon Crawl Stone Soup version 0.31.0-12-g77e489cdc1 (webtiles) character file.

Game seed: 2367670197513859440

53 PaiMei the Grave Robber (level 3, -1/26 HPs)
             Began as a Demonspawn Necromancer on Feb 28, 2024.
             Slain by a jackal (3 damage)
             ... on level 3 of the Dungeon on Feb 29, 2024.
             The game lasted 00:03:18 (2005 turns).

PaiMei the Grave Robber (Demonspawn Necromancer)    Turns: 2005, Time: 00:03:19

Health: -1/26      AC:  2    Str:  8    XL:     3   Next: 62%
Magic:  1/6        EV: 12    Int: 17    God:
Gold:   157        SH:  4    Dex: 13    Spells: 3/7 levels left

rFire   . . .        m - +3 short sword
rCold   . . .        (no shield)
rNeg    . . .        a - +0 robe
rPois   .            (no helmet)
rElec   .            (no cloak)
rCorr   .            (no gloves)
SInv    .            (no boots)
Will    .....        (no amulet)
Stlth   ++           (no ring)
HPRegen 0.24/turn    (no ring)
MPRegen 0.10/turn

%: no passive effects
@: no status effects
A: powered by death 1, condensation shield
a: no special abilities


You were on level 3 of the Dungeon.
You visited 1 branch of the dungeon, and saw 3 of its levels.

You collected 157 gold pieces.

Inventory:

Hand Weapons
 d - a +0 dagger
 j - a +0 short sword
 m - a +3 short sword (weapon)
Missiles
 i - 3 poisoned darts
Armour
 a - a +0 robe (worn)
 g - a +0 buckler
 k - a +1 ring mail of cold resistance
Scrolls
 c - a scroll of poison {unknown}
 e - 2 scrolls of identify {unknown}
 f - a scroll of blinking {unknown}
 n - a scroll of immolation {unknown}
 o - a scroll of enchant weapon {unknown}
 r - a scroll of enchant armour {unknown}
Potions
 b - a potion of magic
 h - a potion of experience {unknown}
 l - a potion of degeneration {unknown}
 p - a potion of attraction {unknown}
 q - 2 potions of berserk rage {unknown}
 s - a potion of enlightenment {unknown}


   Skills:
 + Level 1.2 Fighting
 + Level 2.3 Dodging
 - Level 2.0 Stealth
 + Level 2.5 Spellcasting
 + Level 4.8 Necromancy


You had 3 spell levels left.
You knew the following spells:

 Your Spells              Type           Power      Damage    Failure   Level
a - Necrotise             Necr           72%        1d7       2%          1
b - Vampiric Draining     Necr           18%        2d7       8%          3

Your spell library contained the following spells:

 Spells                   Type           Power      Damage    Failure   Level
 Blink                    Tloc           4%         N/A       28%         2
 Lesser Beckoning         Tloc           4%         N/A       28%         2
 Momentum Strike          Conj/Tloc      4%         3d8       28%         2
 Animate Dead             Necr           18%        N/A       26%         4
 Curse of Agony           Necr           18%        N/A       56%         5


Dungeon Overview and Level Annotations

Branches:
Dungeon (3/15)

Altars:
Dithmenos


Innate Abilities, Weirdness & Mutations

You regenerate a little health from kills.
A meltable shield of frost defends you. (SH +4)


Message History

Confirm with . or Enter, or press ? or * to list all spells.
Aiming: Necrotise (safe; 2% risk of failure)
Press: ? - help, Shift-Dir - straight line, f/p - hobgoblin
Aim: a hobgoblin (severely wounded, chance to affect: 88%)
The jackal writhes in agony.
The jackal barely misses you. The jackal bites you.
The jackal barely misses you. The jackal attacks as it pursues you!
The jackal bites you.
Your magical contamination has completely faded away.
Casting: Necrotise (safe; 2% risk of failure)
Confirm with . or Enter, or press ? or * to list all spells.
You don't have enough magic to cast this spell.
Casting: Necrotise (safe; 2% risk of failure)
Confirm with . or Enter, or press ? or * to list all spells.
You don't have enough magic to cast this spell.
Casting: Necrotise (safe; 2% risk of failure)
Confirm with . or Enter, or press ? or * to list all spells.
You don't have enough magic to cast this spell.
Found 5 stones.
The jackal attacks as it pursues you! The jackal bites you.
* * * LOW HITPOINT WARNING * * *
You barely miss the jackal.
The jackal is lightly wounded.
You block the jackal's attack.
You barely miss the jackal.
The jackal is lightly wounded.
The jackal bites you.
* * * LOW HITPOINT WARNING * * *
The jackal closely misses you.
You closely miss the jackal.
The jackal is lightly wounded.
The jackal bites you.
* * * LOW HITPOINT WARNING * * *
Casting: Necrotise (safe; 2% risk of failure)
Confirm with . or Enter, or press ? or * to list all spells.
You don't have enough magic to cast this spell.
You closely miss the jackal.
The jackal is lightly wounded.
The jackal bites you.
* * * LOW HITPOINT WARNING * * *
The jackal bites you.
You die...

#.#.# #. #.#.#
######( #.#.#
....... #.#.#######
.......
###'#........ .....
#....#.....## ...
#....'.......
#.#####....#.....##
#>@hh##....#.....#
#+##g......#.....#
......##.....#######
...... #..####
......###..#
####.......####
######.....####
#.............
#..........###


You could see 2 jackals and a hobgoblin.

Vanquished Creatures
  2 adders (D:2)
  A ribbon worm (D:3)
  4 ball pythons
  A bat (D:2)
  2 giant cockroaches (D:2)
  5 goblins
  3 hobgoblins
  3 jackals (D:2)
  3 kobolds
  A quokka (D:1)
  3 frilled lizards
  3 rats (D:2)
31 creatures vanquished.

Notes
Turn   | Place    | Note
-------+----------+-------------------------------------------
     0 | D:1      | PaiMei the Demonspawn Necromancer began the quest for the
                  | Orb.
     0 | D:1      | Reached XP level 1. HP: 13/13 MP: 3/3
   684 | D:1      | Gained mutation: A meltable shield of frost defends you.
                  | (SH +4) [demonic ancestry]
   684 | D:1      | Reached XP level 2. HP: 19/19 MP: 3/5
  1311 | D:2      | Gained mutation: You regenerate a little health from kills.
                  | [demonic ancestry]
  1311 | D:2      | Reached XP level 3. HP: 19/25 MP: 1/6
  1423 | D:2      | Found a shadowy altar of Dithmenos.
  1441 | D:2      | Noticed a shining eye
  1443 | D:2      | Found a faded altar of an unknown god.
  1445 | D:2      | Noticed a golden eye
  1445 | D:2      | Noticed a great orb of eyes
  1445 | D:2      | Noticed a shining eye
  1500 | D:2      | Reached skill level 1 in Fighting
  1956 | D:3      | Learned a level 3 spell: Vampiric Draining
  2005 | D:3      | Slain by a jackal

Illustrated notes

Levels and vault maps discovered:
D:1:      psy_arrival_radial02, layout_loops_ring, hex_large,
          amcnicky_mini_pool_small
D:2:      layout_loops_cross, basic_altar,
          hellmonk_ecumenical_altar_watching_god
D:3:      layout_basic, lemuel_tele_altar, reono_crystal_passage,
          kennysheep_generic_room_14

Skill      XL: |  1  2  3 |
---------------+----------+-----
Stealth        | 2 |  2.0
Dodging        | 2 |  2.3
Fighting       | 1 |  1.2
Spellcasting   | |  2.5
Necromancy     | |  4.8

Action                     || total
---------------------------++-------
  Melee: Dagger            ||     2
         Short sword       ||    20
   Cast: Necrotise         ||    51
 Armour: Robe              ||    30
  Dodge: Dodged            ||    35
  Block: Other             ||     6
